 Dungeon Crawl Stone Soup version 0.18.1-8-gdd0e5ea (webtiles) character file.

51193 juanjsm the Unseen (level 14, 0/65 HPs)
             Began as a Spriggan Enchanter on June 9, 2016.
             Was the Champion of Okawaru.
             Killed from afar by an ogre mage (51 damage)
             ... with a crystal spear
             ... on level 2 of the Orcish Mines.
             The game lasted 02:47:53 (22429 turns).

juanjsm the Unseen (Spriggan Enchanter)            Turns: 22429, Time: 02:47:53

Health: 0/65       AC: 14    Str:  4    XL:     14   Next: 22%
Magic:  24/27      EV: 33    Int: 21    God:    Okawaru [******]
Gold:   1928       SH:  0    Dex: 19    Spells: 7 memorised, 13 levels left

rFire  + . .     SeeInvis +     Q - +1 dagger (speed)
rCold  + . .     Gourm    .     w - +1 robe {rF+}
rNeg   . . .     Faith    .     (shield restricted)
rPois  +         Spirit   .     L - +0 hat {MR+}
rElec  +         Dismiss  .     z - +2 cloak {rPois}
rCorr  .         Reflect  .     (gloves unavailable)
SustAt .         Harm     .     (boots unavailable)
MR     +++++     Rnd*Rage +     F - amulet "Ciphal" {*Contam +Rage rElec MR+}
Stlth  ++++++++..               g - +4 ring of protection
                                m - +5 ring of evasion

@: very quick, almost entirely resistant to hostile enchantments,
extraordinarily stealthy
A: unfitting armour, talons 1, slimy green scales 1, thin metallic scales 1, see
invisible, agile 1, berserk 1, cold resistance 1, deterioration 1, herbivore 3,
speed 3, low mp 1, magic resistance 1, electricity resistance, slow metabolism 2
a: Heroism, Finesse, Renounce Religion, Evoke Berserk Rage


You were on level 2 of the Orcish Mines.
You worshipped Okawaru.
Okawaru was exalted by your worship.
You were not hungry.

You visited 4 branches of the dungeon, and saw 22 of its levels.
You also visited: Sewer.

You collected 2070 gold pieces.
You spent 142 gold pieces at shops.

Inventory:

Hand Weapons
 b - the +3 rapier of the Vestibule of Hell {flame, *Corrode +Blink rPois}
   (Okawaru gifted it to you on level 2 of the Orcish Mines)

   It has been specially enchanted to burn those struck by it, causing extra
   injury to most foes and up to half again as much damage against particularly
   susceptible opponents.
   It protects you from poison.
   It lets you blink.
   It may corrode you when you take damage.
 Q - a +1 dagger of speed (weapon)
Missiles
 x - 8 tomahawks of returning (quivered)
Armour
 w - a +1 robe of fire resistance (worn)
 z - a +2 cloak of poison resistance (worn)
 B - a +1 buckler of poison resistance
 L - a +0 hat of magic resistance (worn)
Jewellery
 g - a +4 ring of protection (right hand)
 m - a +5 ring of evasion (left hand)
 F - the amulet "Ciphal" (around neck) {*Contam +Rage rElec MR+}
   (You found it on level 6 of the Dungeon)

   [amulet of rage]

   It insulates you from electricity.
   It affects your resistance to hostile enchantments.
   It lets you go berserk.
   It causes magical contamination when unequipped.
Wands
 a - a wand of paralysis (19/24)
 O - a wand of acid (5/15)
 T - a wand of lightning (9/15)
 W - a wand of disintegration (20/24)
Scrolls
 c - a scroll of holy word {unknown}
 f - 3 scrolls of teleportation
 h - 2 scrolls of blinking
 i - a scroll of brand weapon {unknown}
 n - a scroll of immolation {unknown}
 o - a scroll of silence {unknown}
 p - 2 scrolls of identify
 t - 5 scrolls of fear
 y - 4 scrolls of fog
 D - 2 scrolls of magic mapping {unknown}
 E - a scroll of random uselessness {unknown}
 K - a scroll of torment {unknown}
Potions
 e - 6 potions of curing
 l - 2 potions of brilliance
 v - a potion of lignification
 A - 4 potions of magic
 C - a potion of berserk rage
 H - 2 potions of haste
 J - a potion of agility
 M - 2 potions of flight
 N - 2 potions of invisibility
 R - 2 potions of might
Comestibles
 d - 21 bread rations
 P - 27 fruits


   Skills:
 * Level 3.0 Fighting
 - Level 10.0 Short Blades
 - Level 1.4 Throwing
 * Level 10.6 Dodging
 * Level 16.2 Stealth
 * Level 6.8 Shields
 * Level 11.9 Spellcasting
 + Level 0.3 Conjurations
 + Level 10.4 Hexes
 + Level 5.2 Ice Magic
 * Level 6.3 Air Magic
 * Level 3.1 Earth Magic
 + Level 0.2 Invocations
 + Level 7.0 Evocations


You had 13 spell levels left.
You knew the following spells:

 Your Spells              Type           Power        Failure   Level  Hunger
a - Fulminant Prism       Conj/Hex       #####.....   8%          4    None
b - Ensorcelled Hibernat  Hex/Ice        #####.       1%          2    None
c - Confuse               Hex            ######..     1%          3    None
d - Dazzling Spray        Conj/Hex       #####...     1%          3    None
e - Silence               Hex/Air        #####.....   6%          5    ####...
f - Cause Fear            Hex            ######....   1%          4    None
g - Passwall              Trmt/Erth      ###.......   4%          2    None


Dungeon Overview and Level Annotations

Branches:
Dungeon (11/15)            Temple (1/1) D:7            Lair (8/8) D:9
  Swamp (0/4) Lair:5       Spider (0/4) Lair:5        Slime (0/6) Lair:8
    Orc (2/2) D:9             Elf (0/3) Orc:2

Altars:
Ashenzari
Cheibriados
Dithmenos
Elyvilon
Fedhas
Gozag
Kikubaaqudgha
Makhleb
Nemelex Xobeh
Okawaru
Pakellas
Qazlal
Ru
Sif Muna
Trog
Vehumet
Xom
Yredelemnul
Zin
The Shining One
Beogh

Shops:
D:7 :   D:8 *!   Orc:2 ?

Annotations:
D:3 Typee's ghost, amateur OpCj


Innate Abilities, Weirdness & Mutations

You are tiny and cannot use many weapons and most armour.
You have supernaturally acute eyesight.
You are a herbivore.
You cover ground extremely quickly.
You need consume almost no food.
You have sharp toenails.
You are partially covered in slimy green scales (AC +2).
You are partially covered in thin metallic scales (AC +2).
You are agile. (Dex +2)
You tend to lose your temper in combat.
Your flesh is cold resistant.
Your body sometimes deteriorates upon taking damage.
Your magical capacity is low (-10% MP).
You are resistant to hostile enchantments.
You are resistant to electric shocks.


Message History

The ogre mage resists with almost no effort.
The ogre mage gestures at you while chanting.
The bolt of fire misses you.
You hit the ogre mage.
The ogre mage is lightly wounded.
The ogre mage hits you with a flail!
An orc wizard comes into view. It is wielding a dagger.
The orc wizard shouts!
You hit the ogre mage but do no damage.
You claw the ogre mage, but do no damage.
The ogre mage is lightly wounded.
You hit the ogre mage but do no damage.
You claw the ogre mage, but do no damage.
The ogre mage is lightly wounded.
You hit the ogre mage but do no damage.
The ogre mage is lightly wounded.
The ogre mage gestures at you while chanting.
The crystal spear hits you!
Ouch! That really hurt!
You die...

#§.§... .≈# #≈.§8..
..≈# .. #§.§...
..≈##.. #≈..§.≈
#..≈≈o.. #≈...##
##......§ #≈.§§).
##......≈ #≈.....
##....o.# #≈)..≈≈
##O@.....#####≈))###
#≈.8.....#..≈§≈..§≈≈
#≈.#.....+..§§§..§..
#§§#_....#.8.....§..
##§###8..'....≈§≈§8#
#§§...##...≈≈§§§§≈
##≈≈≈##≈≈≈≈≈≈§§§§≈
##########≈≈§≈§##
########


You could see an ogre mage and 2 orc wizards.

Vanquished Creatures
  Snorg (Lair:7)
  Josephine (Lair:7)
  Harold (Lair:1)
  6 hydras
  3 catoblepae (Lair:8)
  A queen ant (Lair:5)
  5 death yaks (Lair:8)
  A fire crab (Lair:8)
  An orc knight (Orc:2)
  Pikel (D:8)
  A hill giant (D:10)
  5 orc sorcerers (Orc:2)
  3 griffons
  10 elephants (Lair:8)
  A centaur zombie (D:10)
  4 black mambas
  8 spiny frogs
  2 rime drakes
  6 komodo dragons
  A troll (Orc:2)
  A jumping spider (Lair:5)
  2 giant leeches (Lair:5)
  17 blink frogs
  2 boulder beetles
  3 wraiths (Lair:7)
  A spriggan (D:8)
  23 yaks
  2 wyverns
  3 hungry ghosts
  2 basilisks
  7 hippogriffs
  Eustachio (D:4)
  16 soldier ants (Lair:5)
  9 porcupines
  2 hell hounds (D:9)
  10 orc warriors
  15 water moccasins
  2 sky beasts
  2 ice beasts
  2 black bears
  2 phantoms
  15 wolves
  5 ogres
  A wasp (D:9)
  3 centaurs
  15 crocodiles
  4 big kobolds
  11 giant frogs
  Blork the orc (D:4)
  2 wyvern skeletons (D:8)
  4 scorpions
  7 killer bees
  4 howler monkeys
  4 electric eels
  3 crimson imps
  A giant frog zombie (D:7)
  A jelly (D:9)
  2 quasits
  5 hounds
  7 orc priests
  Crazy Yiuf (D:5)
  4 centaur skeletons
  A gnoll shaman (Orc:2)
  13 iguanas
  22 orc wizards
  39 worker ants
  9 sheep
  13 adders
  4 gnolls (Orc:2)
  A howler monkey skeleton (D:7)
  72 river rats
  12 white imps (Lair:2)
  An adder zombie (D:6)
  2 worms (D:6)
  5 dart slugs
  6 giant geckos
  45 orcs
  8 giant cockroaches
  8 goblins
  2 hobgoblins
  16 jackals
  8 quokkas
  5 ball pythons
  7 bats
  A giant gecko zombie (D:7)
  11 giant newts
  A jackal zombie (D:8)
  28 kobolds
  A quokka zombie (D:5)
  8 rats
  2 fulminant prisms (Lair:8)
  A plant (Lair:5)
638 creatures vanquished.

Vanquished Creatures (others)
  2 slaves (D:8)
  5 orcs (D:8)
  A kobold (D:9)
  2 bushes (Lair:5)
  4 fulminant prisms (Lair:8)
  34 fungi
  23 plants
71 creatures vanquished.

Grand Total: 709 creatures vanquished

Notes
Turn   | Place    | Note
--------------------------------------------------------------
     0 | D:1      | juanjsm the Spriggan Enchanter began the quest for the Orb.
     0 | D:1      | Reached XP level 1. HP: 9/9 MP: 5/5
   126 | D:1      | Reached XP level 2. HP: 6/13 MP: 6/6
   159 | D:1      | Learned a level 2 spell: Ensorcelled Hibernation
   841 | D:1      | Reached XP level 3. HP: 16/16 MP: 2/8
   846 | D:1      | Learned a level 3 spell: Confuse
  1262 | D:2      | Reached skill level 5 in Stealth
  1549 | D:2      | Found an iron altar of Okawaru.
  1555 | D:2      | Found a shadowy altar of Dithmenos.
  1569 | D:2      | Found an opulent altar of Gozag.
  1570 | D:2      | Found a snail-covered altar of Cheibriados.
  1571 | D:2      | Found a burning altar of Makhleb.
  1573 | D:2      | Found a blossoming altar of Fedhas.
  1744 | D:4      | Reached XP level 4. HP: 18/21 MP: 2/9
  1753 | D:4      | Learned a level 3 spell: Dazzling Spray
  1801 | D:3      | Noticed Typee's ghost (amateur OpCj)
  1990 | D:3      | Reached skill level 1 in Ice Magic
  2399 | D:4      | Reached XP level 5. HP: 25/25 MP: 1/10
  2427 | D:5      | Entered Level 5 of the Dungeon
  2811 | D:5      | Found a glowing drain.
  2820 | Sewer    | Entered a sewer
  2870 | Sewer    | Reached skill level 6 in Stealth
  3008 | Sewer    | Reached XP level 6. HP: 18/29 MP: 0/12
  3740 | D:4      | Reached skill level 1 in Shields
  3744 | D:4      | Noticed Blork the orc
  3824 | D:4      | Killed Blork the orc
  3969 | D:4      | Noticed Eustachio
  3977 | D:4      | Killed Eustachio
  3977 | D:4      | Reached skill level 7 in Stealth
  3977 | D:4      | Reached skill level 5 in Hexes
  3977 | D:4      | Reached XP level 7. HP: 32/32 MP: 14/14
  3977 | D:4      | Found a shadowy altar of Dithmenos.
  4295 | D:5      | Noticed Crazy Yiuf
  4300 | D:5      | Killed Crazy Yiuf
  4330 | D:6      | Got a vibrating amethyst amulet
  4356 | D:7      | Found a shattered altar of Ashenzari.
  4581 | D:6      | Reached skill level 5 in Dodging
  4890 | D:6      | Reached skill level 1 in Fighting
  4890 | D:6      | Reached skill level 5 in Spellcasting
  4890 | D:6      | Reached XP level 8. HP: 37/37 MP: 11/16
  4898 | D:6      | Reached skill level 8 in Stealth
  5356 | D:6      | Found a white marble altar of Elyvilon.
  5421 | D:6      | HP: 1/37 [orc/dagger (4)]
  5423 | D:6      | Gained mutation: You are partially covered in thin metallic scales (AC +2). [potion of mutation]
  5423 | D:6      | Gained mutation: You tend to lose your temper in combat. [potion of mutation]
  5905 | D:7      | Found a staircase to the Ecumenical Temple.
  5921 | Temple   | Entered the Ecumenical Temple
  6291 | D:2      | Became a worshipper of Warmaster Okawaru
  6457 | D:7      | Found a shattered altar of Ashenzari.
  6462 | D:7      | Reached skill level 5 in Short Blades
  6464 | D:7      | Reached skill level 9 in Stealth
  6493 | D:7      | Reached XP level 9. HP: 30/41 MP: 4/19
  6549 | D:7      | Found Ateatapu's Book Shoppe.
  6683 | D:7      | Reached * piety under Okawaru
  6692 | D:7      | Gained mutation: You are agile. (Dex +2) [potion of mutation]
  6692 | D:7      | Gained mutation: Your flesh is cold resistant. [potion of mutation]
  6692 | D:7      | Gained mutation: You possess an exceptional clarity of mind. [potion of mutation]
  7230 | D:10     | Entered Level 10 of the Dungeon
  7230 | D:10     | Noticed a hill giant
  7233 | D:10     | Killed a hill giant
  7233 | D:10     | Reached ** piety under Okawaru
  7233 | D:10     | Reached skill level 10 in Stealth
  7233 | D:10     | Reached skill level 1 in Evocations
  7438 | D:8      | Found an iron altar of Okawaru.
  7472 | D:8      | Reached XP level 10. HP: 46/46 MP: 13/21
  7509 | D:9      | Found a staircase to the Lair.
  7738 | D:8      | Reached *** piety under Okawaru
  7770 | D:8      | Noticed Pikel
  7787 | D:8      | Killed Pikel
  7787 | D:8      | Reached skill level 11 in Stealth
  7820 | D:8      | Learned a level 5 spell: Silence
  7903 | D:8      | Found Ikathuaz's General Store.
  8084 | D:8      | Reached **** piety under Okawaru
  8167 | D:8      | Identified the amulet "Ciphal" {*Contam +Rage rElec MR+} (You found it on level 6 of the Dungeon)
  8416 | D:8      | Found Buc Kei's Distillery.
  8865 | D:9      | Reached skill level 1 in Throwing
  8865 | D:9      | Reached skill level 1 in Air Magic
  9595 | D:9      | Found a staircase to the Orcish Mines.
  9942 | Lair:1   | Entered Level 1 of the Lair of Beasts
  9984 | Lair:1   | Reached ***** piety under Okawaru
  9984 | Lair:1   | Reached skill level 12 in Stealth
 10005 | Lair:1   | Reached skill level 5 in Evocations
 10005 | Lair:1   | Reached XP level 11. HP: 38/50 MP: 10/23
 10258 | Lair:2   | Noticed a four-headed hydra
 10296 | Lair:1   | Received a gift from Okawaru
 10341 | Lair:1   | Noticed a seven-headed hydra
 10470 | Lair:1   | Killed a seven-headed hydra
 10470 | Lair:1   | Reached skill level 5 in Shields
 10515 | Lair:2   | Learned a level 4 spell: Cause Fear
 10884 | Lair:1   | Noticed a six-headed hydra
 10916 | Lair:1   | Noticed Harold
 10921 | Lair:1   | Killed Harold
 11023 | Lair:1   | Noticed a six-headed hydra
 11211 | Lair:1   | Killed a six-headed hydra
 11286 | Lair:3   | Received a gift from Okawaru
 11286 | Lair:3   | Reached skill level 13 in Stealth
 11425 | Lair:2   | Received a gift from Okawaru
 11682 | Lair:2   | Killed a four-headed hydra
 11897 | Lair:2   | Lost mutation: You possess an exceptional clarity of mind. [potion of mutation]
 12415 | Lair:3   | Reached XP level 12. HP: 54/54 MP: 22/25
 13275 | Lair:4   | Learned a level 2 spell: Passwall
 14068 | Lair:2   | Identified a +1 rod of ignition (9/9) (You found it on level 4 of the Lair of Beasts)
 14079 | Lair:2   | Gained mutation: Your body sometimes deteriorates upon taking damage. [mutagenic glow]
 14219 | D:8      | Bought a potion of invisibility for 88 gold pieces
 14219 | D:8      | Bought a potion of mutation for 27 gold pieces
 14219 | D:8      | Bought a potion of mutation for 27 gold pieces
 14219 | D:8      | Gained mutation: You are frail (-10% HP). [potion of mutation]
 14219 | D:8      | Gained mutation: You have sharp toenails. [potion of mutation]
 14220 | D:8      | Gained mutation: You are partially covered in slimy green scales (AC +2). [potion of mutation]
 14220 | D:8      | Gained mutation: Your magical capacity is low (-10% MP). [potion of mutation]
 14346 | Lair:5   | Lost mutation: Your magical capacity is low (-10% MP). [potion of mutation]
 14346 | Lair:5   | Gained mutation: You are resistant to hostile enchantments. [potion of mutation]
 14359 | Lair:5   | Reached skill level 14 in Stealth
 14443 | Lair:5   | Noticed a five-headed hydra
 14623 | Lair:5   | Killed a five-headed hydra
 14963 | Lair:5   | Received a gift from Okawaru
 15046 | Lair:6   | Identified the Almanac of Mutagenic Bewitchment
 15130 | Lair:5   | Found a hole to the Spider Nest.
 15173 | Lair:5   | Noticed a queen ant
 15214 | Lair:5   | Killed a queen ant
 15214 | Lair:5   | Reached skill level 5 in Air Magic
 15474 | Lair:5   | Lost mutation: You are frail (-10% HP). [potion of mutation]
 15474 | Lair:5   | Gained mutation: You are resistant to electric shocks. [potion of mutation]
 15474 | Lair:5   | Gained mutation: Your magical capacity is low (-10% MP). [potion of mutation]
 15546 | Lair:5   | Found a staircase to the Swamp.
 15856 | Lair:5   | Noticed a death yak
 15877 | Lair:5   | Noticed a death yak
 16309 | Lair:5   | Noticed a death yak
 16361 | Lair:6   | Reached XP level 13. HP: 58/58 MP: 25/25
 16579 | Lair:6   | Reached ****** piety under Okawaru
 16586 | Lair:6   | Reached skill level 10 in Spellcasting
 16795 | Lair:6   | Reached skill level 15 in Stealth
 17057 | Lair:2   | Learned a level 4 spell: Fulminant Prism
 17180 | Lair:7   | Noticed Josephine
 17403 | Lair:7   | Noticed Snorg
 17413 | Lair:7   | Killed Snorg
 17413 | Lair:7   | Reached skill level 1 in Earth Magic
 17515 | Lair:8   | Entered Level 8 of the Lair of Beasts
 17667 | Lair:7   | Reached skill level 10 in Dodging
 17871 | Lair:8   | Found a staircase to the Slime Pits.
 17935 | Lair:8   | Reached skill level 10 in Hexes
 18172 | Lair:8   | Found a basalt altar of Yredelemnul.
 18277 | Lair:8   | Reached skill level 5 in Ice Magic
 18316 | Lair:7   | Killed Josephine
 18703 | Lair:7   | Received a gift from Okawaru
 20689 | Lair:8   | Reached XP level 14. HP: 54/63 MP: 1/27
 20747 | Lair:8   | Reached skill level 10 in Short Blades
 21247 | Orc:1    | Entered Level 1 of the Orcish Mines
 21256 | Orc:2    | Entered Level 2 of the Orcish Mines
 21382 | Orc:2    | Found a staircase to the Elven Halls.
 21580 | Orc:2    | Reached skill level 16 in Stealth
 22002 | Orc:1    | Found a roughly hewn altar of Beogh.
 22196 | Orc:2    | Received a gift from Okawaru
 22208 | Orc:2    | Got an encrusted rapier {god gift}
 22209 | Orc:2    | Identified the +3 rapier of the Vestibule of Hell {flame, *Corrode +Blink rPois} (Okawaru gifted it to you on level 2 of the Orcish Mines)
 22233 | Orc:2    | Found Dageih's Magic Scroll Shop.
 22412 | Orc:2    | Found a radiant altar of Vehumet.
 22429 | Orc:2    | Killed from afar by an ogre mage

Skill      XL: |  1  2  3  4  5  6  7  8  9 10 11 12 13 14 |
---------------+-------------------------------------------+-----
Hexes          | 4 5 7 8 9 10 | 10.4
Spellcasting   | 3 4 5 6 7 8 9 11 | 11.9
Stealth        | 5 6 7 9 10 12 13 14 15 16 | 16.2
Short Blades   | 2 3 4 5 6 7 8 9 10 | 10.0
Ice Magic      | 1 2 3 4 5 |  5.2
Dodging        | 4 5 6 7 8 9 10 | 10.6
Shields        | 1 2 3 4 5 6 |  6.8
Fighting       | 1 2 3 |  3.0
Evocations     | 2 5 6 7 |  7.0
Throwing       | 1 |  1.4
Air Magic      | 2 3 5 6 |  6.3
Earth Magic    | 2 3 |  3.1
Conjurations   | |  0.3
Invocations    | |  0.2

Action                   |  1- 3 |  4- 6 |  7- 9 | 10-12 | 13-15 || total
-------------------------+-------+-------+-------+-------+-------++-------
Melee: Dagger            |   144 |    86 |   255 |   709 |   267 ||  1461
       Punch             |       |       |       |     1 |       ||     1
       Kick              |       |       |       |    34 |    41 ||    75
 Cast: Corona            |     3 |       |       |       |       ||     3
       Ensorcelled Hiber |    28 |    41 |    88 |   261 |   145 ||   563
       Confuse           |     1 |     2 |    25 |    48 |    76 ||   152
       Dazzling Spray    |       |       |     3 |    12 |     4 ||    19
       Fulminant Prism   |       |       |       |       |     6 ||     6
       Silence           |       |       |       |       |     1 ||     1
Invok: Heroism           |       |       |       |     2 |       ||     2
       Finesse           |       |       |       |     2 |       ||     2
Evoke: Wand              |       |       |       |       |     8 ||     8
  Use: Potion            |       |     4 |     3 |     7 |     1 ||    15
       Scroll            |       |       |       |    16 |     5 ||    21
 Stab: Sleeping          |    32 |    38 |    68 |   228 |   103 ||   469
       Confused          |       |     1 |    13 |    26 |    29 ||    69
       Distracted        |       |     1 |     3 |     7 |     5 ||    16
       Invisible         |       |       |     1 |     9 |     2 ||    12
  Eat: Pizza             |       |     1 |     1 |     1 |     2 ||     5
       Fruit             |       |     4 |     4 |     2 |     3 ||    13
       Royal jelly       |       |       |       |     2 |       ||     2
       Bread ration      |       |       |       |     1 |       ||     1
Armor: Robe              |    20 |     7 |    26 |    45 |    37 ||   135
Dodge: Dodged            |   143 |    69 |   239 |   444 |   167 ||  1062
